[ AOE2 MATCH · #504838771 ]
UnrankedKhmer vs Malay
Player's team · LOSS
Rival team · WIN
[ REPLAY ANALYSIS · EXTRACTED FROM THE RECORDED GAME ]
Feudal
7:39
Castle
—
Imperial
—
| APM avg | 65.8 |
| APM peak | 94 |
| eAPM avg | 22.9 |
| Villagers / military | 28 / 4 |
Focus
⚔️ 28.4% · 🌾 71.6%
Scout Cavalry ×4
Feudal
8:01
Castle
—
Imperial
—
| APM avg | 62.0 |
| APM peak | 78 |
| eAPM avg | 19.9 |
| Villagers / military | 22 / 14 |
Focus
⚔️ 43.7% · 🌾 56.3%
Militia ×12 · Spearman ×2
Match map
Initial resources + every placement click. Lines = walls · curves = elevation contours. ◆ gold · ⬟ stone · ● berries · ✦ relic · ◌ wall gap
Your base· Open — 8t gap
Scruffles's base· Open — 7t gap
Smoothed initial terrain · ◌ = detected wall gap · hover for details
Inputs per minute
— Mattroid 99 - - Scruffles
Build order — Mattroid 99
46 actions detected in the replay
| 0:00 | Queue | Villager (Male) ×4 |
| 0:02 | Build | House |
| 0:03 | Build | House |
| 1:28 | Queue | Villager (Male) |
| 1:28 | Queue | Villager (Male) |
| 2:08 | Queue | Villager (Male) |
| 2:34 | Queue | Villager (Male) |
| 2:35 | Queue | Villager (Male) |
| 2:35 | Queue | Villager (Male) |
| 3:04 | Queue | Villager (Male) |
| 3:04 | Queue | Villager (Male) |
| 3:15 | Queue | Villager (Male) |
| 3:39 | Queue | Villager (Male) |
| 3:39 | Queue | Villager (Male) |
| 3:39 | Queue | Villager (Male) |
| 3:52 | Build | House |
| 3:54 | Build | House |
| 4:30 | Queue | Villager (Male) |
| 4:35 | Build | Lumber Camp |
| 5:29 | Research | Feudal Age |
| 6:56 | Queue | Villager (Male) |
| 7:33 | Build | House |
| 7:39 | Age | Feudal Age |
| 7:42 | Build | Stable |
| 7:59 | Queue | Villager (Male) |
| 8:00 | Research | Double-Bit Axe |
| 8:32 | Queue | Villager (Male) |
| 8:33 | Queue | Scout Cavalry |
| 8:34 | Queue | Scout Cavalry |
| 8:47 | Queue | Villager (Male) |
| 8:52 | Queue | Scout Cavalry |
| 8:52 | Queue | Scout Cavalry |
| 9:53 | Queue | Villager (Male) |
| 10:09 | Queue | Villager (Male) |
| 10:33 | Queue | Villager (Male) |
| 10:42 | Build | Mill |
| 10:58 | Build | Watch Tower |
| 12:00 | Queue | Villager (Male) |
| 12:02 | Build | Archery Range |
| 12:26 | Queue | Villager (Male) |
| 12:39 | Build | Farm |
| 12:40 | Build | Farm |
| 12:41 | Build | Farm |
| 12:56 | Queue | Villager (Male) |
| 12:56 | Queue | Villager (Male) |
| 13:05 | Build | House |
Build order — Scruffles
54 actions detected in the replay
| 0:01 | Queue | Villager (Male) |
| 0:02 | Build | House |
| 0:04 | Build | House |
| 0:18 | Queue | Villager (Male) |
| 0:18 | Queue | Villager (Male) |
| 0:18 | Queue | Villager (Male) |
| 1:10 | Queue | Villager (Male) |
| 1:55 | Queue | Villager (Male) |
| 2:16 | Queue | Villager (Male) |
| 2:28 | Build | Lumber Camp |
| 2:41 | Queue | Villager (Male) |
| 2:53 | Queue | Villager (Male) |
| 3:18 | Build | House |
| 3:23 | Queue | Villager (Male) |
| 3:44 | Queue | Villager (Male) |
| 4:03 | Queue | Villager (Male) |
| 4:09 | Queue | Villager (Male) |
| 4:54 | Queue | Villager (Male) |
| 5:01 | Build | Mining Camp |
| 5:14 | Queue | Villager (Male) |
| 5:45 | Research | Loom |
| 6:43 | Research | Feudal Age |
| 7:19 | Build | House |
| 7:35 | Build | Barracks |
| 7:48 | Queue | Villager (Male) |
| 7:48 | Queue | Villager (Male) |
| 7:52 | Build | House |
| 8:01 | Age | Feudal Age |
| 8:05 | Queue | Militia |
| 8:06 | Queue | Militia |
| 8:27 | Build | Stone Wall |
| 8:36 | Build | Stone Wall |
| 8:40 | Queue | Militia |
| 8:58 | Build | Stone Wall |
| 8:59 | Build | Stone Wall |
| 9:06 | Queue | Villager (Male) |
| 9:13 | Research | Man-at-Arms (upgrade) |
| 9:33 | Queue | Spearman |
| 10:05 | Queue | Militia |
| 10:26 | Queue | Spearman |
| 10:32 | Build | Mill |
| 10:56 | Queue | Militia |
| 10:57 | Queue | Villager (Male) |
| 11:08 | Queue | Militia |
| 11:29 | Queue | Militia |
| 11:48 | Queue | Militia |
| 11:48 | Queue | Militia |
| 11:59 | Queue | Militia |
| 12:07 | Queue | Villager (Male) |
| 12:36 | Queue | Militia |
| 12:41 | Build | Mill |
| 12:42 | Queue | Villager (Male) |
| 13:22 | Queue | Villager (Male) |
| 13:22 | Queue | Militia |
Match timeline
| 7:35 | Scruffles · first_building Barracks |
| 7:39 | Mattroid 99 · age_up feudal |
| 7:42 | Mattroid 99 · first_building Stable |
| 8:01 | Scruffles · age_up feudal |
| 8:27 | Scruffles · wall_segment Stone Wall x6 |
| 8:36 | Scruffles · wall_segment Stone Wall x5 |
| 8:58 | Scruffles · wall_segment Stone Wall x3 |
| 8:59 | Scruffles · wall_segment Stone Wall x3 |
| 12:02 | Mattroid 99 · first_building Archery Range |
| 13:25 | Mattroid 99 · resign |
[ AI ANALYSIS · 1 CREDIT ]
What really happened in this match?
Wolo.gg analyzes every decision: build order, eco, micro, common mistakes by bracket. Personalized analysis on WhatsApp or Discord in 30 seconds.
Civ guide
Khmer
Perfil
Jugador #11475973